 Dungeon Crawl Stone Soup version 0.31-a0-963-ga325b2283a (webtiles) character file.

Game seed: 3452480269284147465

7721 Shayle the Fighter (level 11, -1/111 (124) HPs)
             Began as an Ogre Hexslinger on Oct 25, 2023.
             Was an Initiate of Ashenzari.
             Killed from afar by Josephine (17 damage)
             ... with a ghostly fireball
             ... on level 10 of the Dungeon.
             The game lasted 00:35:31 (11772 turns).

Shayle the Fighter (Ogre Hexslinger)               Turns: 11772, Time: 00:35:32

HP:   -1/111 (124)  AC:  7    Str: 14    XL:     11   Next: 19%
MP:   28/28         EV: 17    Int: 18    God:    Ashenzari [......]
Gold: 588           SH:  0    Dex: 11    Spells: 19/21 levels left

rFire   . .          .
                       - Unarmed
rCold   . . .        (no shield)
rNeg    . . .        G - +0 troll leather armour
rPois   .            (helmet restricted)
rElec   .            A - +2 cloak "Shackled Together" {Self, Melee} (curse)
rCorr   .            (gloves unavailable)
SInv    .            (boots unavailable)
Will    .....        p - amulet of magic regeneration
Stlth   +            o - ring of magical power
HPRegen 1.18/turn    t - +5 ring of evasion
MPRegen 0.61/turn

%: no passive effects
@: weak-willed, jinxed, heavily drained
A: large, unfitting armour, tough skin 1
a: Renounce Religion, Curse Item, Shatter the Chains


You were on level 10 of the Dungeon.
You worshipped Ashenzari.
Ashenzari was noncommittal.
You visited 2 branches of the dungeon, and saw 11 of its levels.
You also visited: Sewer.

You collected 588 gold pieces.

Inventory:

Hand Weapons
 a - a +1 sling
 f - a +3 dagger of venom
 j - a +2 sling of flaming
 k - a +2 dagger of holy wrath
 z - a +2 mace of protection
 H - a +2 scimitar of freezing
 I - a +5 hand axe
Missiles
 x - a curare-tipped dart
 C - 2 throwing nets
Armour
 c - a +0 robe
 A - the cursed +2 cloak "Shackled Together" (worn) {Self, Melee}
   (You found it on level 4 of the Dungeon)

   It has a curse which improves the following skills: Introspection: Fighting
   and Spellcasting.
   Melee Combat: Short Blades, Long Blades, Axes, Maces & Flails, Polearms,
   Staves and Unarmed Combat.
 G - a +0 troll leather armour (worn)
Jewellery
 o - a ring of magical power (left hand)
 p - an amulet of magic regeneration (around neck)
 t - a +5 ring of evasion (right hand)
Talismans
 i - a blade talisman
 m - a serpent talisman
Wands
 e - a wand of roots (1)
 l - a wand of polymorph (8)
 y - a wand of digging (9)
 F - a wand of acid (8)
 L - a wand of mindburst (12)
Scrolls
 b - 2 scrolls of poison
 h - a scroll of amnesia
 s - 2 scrolls of enchant armour
 v - a scroll of brand weapon
 B - a scroll of revelation
 D - a scroll of fear
 E - a scroll of vulnerability
 J - 2 scrolls of immolation
 M - a scroll of teleportation
Potions
 d - 2 potions of might
 g - 2 potions of enlightenment
 n - a potion of brilliance {unknown}
 q - a potion of cancellation {unknown}
 r - 2 potions of attraction
 u - 4 potions of degeneration
 w - 2 potions of magic
 K - a potion of heal wounds {unknown}


   Skills:
 + Level 12.3(12.7) Fighting
 - Level 1.3 Ranged Weapons
 + Level 8.9 Dodging
 + Level 8.5(9.0) Unarmed Combat
 + Level 5.3(5.7) Spellcasting
 - Level 2.6 Hexes
 - Level 0.8 Fire Magic


You had 19 spell levels left.
You knew the following spells:

 Your Spells              Type           Power      Damage    Failure   Level
a - Jinxbite              Hex            28%        N/A       8%          2

Your spell library contained the following spells:

 Spells                   Type           Power      Damage    Failure   Level
 Slow                     Hex            56%        N/A       5%          1
 Sandblast                Erth           10%        2d5       16%         1
 Summon Small Mammal      Summ           20%        N/A       16%         1
 Confusing Touch          Hex            14%        N/A       16%         3
 Sigil of Binding         Hex            14%        N/A       16%         3
 Inner Flame              Hex/Fire       11%        N/A       22%         3
 Blink                    Tloc           10%        N/A       24%         2
 Lesser Beckoning         Tloc           10%        N/A       24%         2
 Momentum Strike          Conj/Tloc      10%        3d8       24%         2
 Passwall                 Tmut/Erth      4%         N/A       24%         2
 Sublimation of Blood     Necr           5%         N/A       24%         2
 Summon Guardian Golem    Hex/Summ       9%         N/A       26%         3
 Call Canine Familiar     Summ           5%         N/A       43%         3
 Gell's Gravitas          Tloc           5%         N/A       43%         3
 Stone Arrow              Conj/Erth      10%        3d7       43%         3
 Teleport Other           Tloc           5%         N/A       43%         3
 Vampiric Draining        Necr           5%         2d6       43%         3
 Cause Fear               Hex            7%         N/A       45%         4
 Dimensional Bullseye     Hex/Tloc       4%         N/A       65%         4
 Brom's Barrelling Bould  Conj/Erth      5%         2d3       83%         4
 Petrify                  Tmut/Erth      5%         N/A       83%         4
 Irradiate                Conj/Tmut      2%         3d12      99%         5
 Dispersal                Tloc           2%         N/A       100%        6


Dungeon Overview and Level Annotations

Branches:
Dungeon (10/15)            Temple (1/1) D:6           Sewer (visited)
   Lair: D:8-11         Orc: D:9-12

Altars:
Ashenzari
Cheibriados
Dithmenos
Elyvilon
Fedhas
Gozag
Hepliaklqana
Kikubaaqudgha
Makhleb
Nemelex Xobeh
Okawaru
Qazlal
Ru
Sif Muna
Trog
Uskayaw
Vehumet
Wu Jian
Xom
Yredelemnul
Zin
The Shining One

Shops:
D:10 (

Annotations:
D:3 Robin
D:5 1 runed translucent door, particleface's ghost, amateur DEBr
D:8 1 runed translucent door
D:10 Josephine


Innate Abilities, Weirdness & Mutations

You are too large for most types of armour.
You have tough skin. (AC +1)


Message History

Josephine hits you with a +2 dagger of electrocution.
Your magical contamination has completely faded away.
You hit Josephine.
Josephine is severely wounded.
Josephine points at you and mumbles some strange words.
The ghostly flame explodes!
The ghostly fireball engulfs you!
You feel drained.
The ghostly fireball engulfs Josephine.
Josephine completely resists.
Unknown command.
You barely miss Josephine.
Josephine is severely wounded.
You hit Josephine.
Josephine is almost dead.
Josephine draws life force from you!!
* * * LOW HITPOINT WARNING * * *
Josephine is healed by the life force!
Unknown command.
You hit Josephine but do no damage.
Josephine is heavily wounded.
Josephine points at you and mumbles some strange words.
The ghostly flame explodes!
The ghostly fireball engulfs you!!
You feel drained.
* * * LOW HITPOINT WARNING * * *
The ghostly fireball engulfs Josephine.
Josephine completely resists.
Aiming: Fastroot
Press: ? - help, Shift-Dir - straight line, f - Josephine
Aim: Josephine, wielding a +2 dagger of electrocution and wearing a +0 robe of willpower (heavily wounded, chance to call a sprite on attack: 1%)
Okay, then.
Aiming: Corrosive Bolt
Press: ? - help, Shift-Dir - straight line, f - wraith
Aim: a wraith (chance to call a sprite on attack: 16%, 71% to hit)
The bolt of acid hits Josephine!!
The acid corrodes Josephine!
Josephine is almost dead.
The bolt of acid hits the wraith!
You destroy the wraith!
The bolt of acid hits the wraith!
The wraith is moderately damaged.
The bolt of acid misses the wraith.
Josephine casts a spell at you.
The ghostly flame explodes!
The ghostly fireball engulfs you!
You feel drained.
You die...

#... #..# .
.# #..# ..
###.
#..####.#
#... .#
#...)...# #W.
.# #.......#
#.W .#
#......# #W#
.# #)####.#
#@# .# #)#
#.# #@# .#
#†# #.# #.#
.# #.####.#
#.#
.####......##
#.#
............#
#.#
.....######.#
#.##########
###### #.#
#....(......
#.#
#...########
#.# #>..#


You could see Josephine (corroded) and 3 wraiths.

Vanquished Creatures
  A two-headed ogre (D:9)
  Pikel (D:4)
  Joseph (D:8)
  3 trolls
  Prince Ribbit (D:8)
  A shadow (D:5)
  2 wraiths
  A wyvern (D:9)
  2 vampires
  A steam dragon (D:8)
  Menkaure (D:4)
  An ice beast (D:7)
  A black bear (D:5)
  3 orc warriors
  2 centaurs
  5 ogres
  2 lemures (D:4)
  2 phantoms (D:5)
  3 bullfrogs
  3 kobold brigands
  4 scorpions
  8 wights (D:8)
  8 killer bees (D:8)
  4 howler monkeys (D:5)
  A crimson imp (D:3)
  6 hounds
  7 orc priests
  2 jellies
  A gnoll bouda (D:8)
  Jessica (D:2)
  9 orc wizards
  4 sleepcaps
  4 iguanas
  A hell rat (Sewer)
  29 gnolls
  6 adders
  4 river rats (Sewer)
  2 white imps
  A worm (D:5)
  4 dart slugs
  36 orcs
  7 ball pythons
  8 bats
  4 endoplasms
  4 giant cockroaches
  10 goblins
  9 hobgoblins
  12 jackals
  2 quokkas
  2 frilled lizards
  A hobgoblin zombie (D:3)
  13 kobolds
  A kobold zombie (D:3)
  An orc skeleton (D:3)
  2 orc zombies (D:3)
  15 rats
270 creatures vanquished.

Vanquished Creatures (others)
  A kobold demonologist (D:7)
1 creature vanquished.

Grand Total: 271 creatures vanquished

Notes
Turn   | Place    | Note
-------+----------+-------------------------------------------
     0 | D:1      | Shayle the Ogre Hexslinger began the quest for the Orb.
     0 | D:1      | Reached XP level 1. HP: 19/19 MP: 2/2
   169 | D:1      | Reached XP level 2. HP: 25/28 MP: 3/3
   201 | D:1      | Reached skill level 2 in Fighting
   321 | D:1      | Reached skill level 1 in Unarmed Combat
   330 | D:1      | Learned a level 2 spell: Jinxbite
   487 | D:1      | Reached XP level 3. HP: 36/36 MP: 4/4
   850 | D:2      | Noticed Jessica
   860 | D:2      | Killed Jessica
   861 | D:2      | Reached skill level 3 in Fighting
   861 | D:2      | Reached XP level 4. HP: 16/45 MP: 2/5
  1806 | D:3      | Found a glowing drain.
  1811 | Sewer    | Entered a sewer
  1822 | Sewer    | Reached XP level 5. HP: 46/54 MP: 6/6
  1919 | Sewer    | Reached skill level 4 in Fighting
  2079 | D:3      | Found a glowing golden altar of the Shining One.
  2215 | D:3      | Reached XP level 6. HP: 63/63 MP: 7/7
  2290 | D:3      | Noticed Robin
  2522 | D:3      | Found a sparkling altar of Nemelex Xobeh.
  2712 | D:4      | Reached skill level 5 in Fighting
  2903 | D:4      | Noticed Pikel
  2917 | D:4      | Killed Pikel
  2918 | D:4      | Reached skill level 6 in Fighting
  2918 | D:4      | Reached XP level 7. HP: 39/76 MP: 8/8
  2918 | D:4      | Reached XP level 8. HP: 43/84 MP: 9/9
  2978 | D:5      | Entered Level 5 of the Dungeon
  3159 | D:4      | Reached skill level 7 in Fighting
  3159 | D:4      | Reached skill level 5 in Dodging
  3450 | D:4      | Found a blossoming altar of Fedhas.
  3502 | D:4      | Noticed Menkaure
  3516 | D:4      | Killed Menkaure
  3824 | D:4      | Found a stormy altar of Qazlal.
  4163 | D:5      | Found a sacrificial altar of Ru.
  4194 | D:5      | Reached skill level 5 in Unarmed Combat
  4446 | D:5      | Reached skill level 8 in Fighting
  4779 | D:5      | Reached XP level 9. HP: 97/97 MP: 10/10
  4973 | D:5      | Found a runed translucent door.
  4975 | D:5      | Noticed particleface's ghost (amateur DEBr)
  5093 | D:5      | Reached skill level 9 in Fighting
  5196 | D:5      | Found an ancient bone altar of Kikubaaqudgha.
  5391 | D:5      | Found a hide-covered altar of Uskayaw.
  5396 | D:5      | Found an iron altar of Okawaru.
  5396 | D:5      | Found a snail-covered altar of Cheibriados.
  5399 | D:5      | Found a white marble altar of Elyvilon.
  5401 | D:5      | Found a glowing silver altar of Zin.
  5422 | D:5      | Found a broken altar of Ashenzari.
  6291 | D:5      | Became a worshipper of Ashenzari the Shackled
  6850 | D:6      | Found a staircase to the Ecumenical Temple.
  6870 | Temple   | Entered the Ecumenical Temple
  7323 | D:6      | Reached skill level 10 in Fighting
  7722 | D:7      | Noticed a kobold demonologist
  7732 | D:7      | Noticed a soul eater
  7735 | D:7      | Killed a kobold demonologist
  7810 | D:7      | Reached XP level 10. HP: 92/111 MP: 11/11
  8073 | D:7      | Found a basalt altar of Yredelemnul.
  8145 | D:7      | Found a shimmering altar of Xom.
  8493 | D:8      | Noticed Joseph
  8509 | D:8      | Killed Joseph
  8510 | D:8      | Reached skill level 11 in Fighting
  8733 | D:8      | Noticed Prince Ribbit
  8748 | D:8      | Killed Prince Ribbit
  9283 | D:8      | Found a runed translucent door.
  9286 | D:8      | Found a burning altar of Makhleb.
  9286 | D:8      | Noticed a sixfirhy
 10618 | D:9      | Noticed a two-headed ogre
 10641 | D:9      | Killed a two-headed ogre
 10675 | D:9      | Reached skill level 12 in Fighting
 10740 | D:9      | Reached XP level 11. HP: 122/124 MP: 18/18
 10924 | D:9      | Reached skill level 5 in Spellcasting
 11193 | D:9      | Found a shadowy altar of Dithmenos.
 11244 | D:10     | Entered Level 10 of the Dungeon
 11683 | D:10     | Found Ceke's Weapon Shoppe.
 11756 | D:10     | Noticed Josephine
 11772 | D:10     | Killed from afar by Josephine

Illustrated notes

Levels and vault maps discovered:
D:1:      beargit_arrival_greenhouse, layout_loops_ring
D:2:      kennysheep_big_flooded_room, layout_basic, uniq_jessica
D:3:      layout_loops_cross, lemuel_crystal_altar,
          nicolae_tso_besieged_by_evil,
          mainiacjoe_sewer_entry_somewhere_in_here_2, uniq_robin
D:4:      layout_basic, mainiacjoe_overflow_boulevard,
          nicolae_qazlal_eye_of_the_storm, uniq_menkaure, uniq_pikel
D:5:      lemuel_castle_with_subvaults [lemuel_castle_interior_original],
          layout_layer_cave, ashenzari_conservatory_becter, minitemple,
          general_overflow_altar, ebering_ghost_sewer_d
D:6:      layout_gridville, minmay_temple_entry_grid, chequers_arboretum,
          amcnicky_mini_pool_small, minmay_misc_feat_hallway
D:7:      layout_cave_pods, old_standard_altar, kennysheep_mini_moat,
          minmay_misc_feat_ornament, minmay_misc_feat_nine_boxes
D:8:      layout_basic, nzn_makhleb_speed_demon, uniq_joseph,
          uniq_prince_ribbit1
D:9:      layout_rooms, grunt_dithmenos_smoke
D:10:     layout_small_grid, serial_shops, nicolae_stop_n_shop_1, uniq_josephine
Temple:   hellmonk_temple_beads

Skill      XL: |  1  2  3  4  5  6  7  8  9 10 11 |
---------------+----------------------------------+-----
Dodging        | 2 3 4 6 7 8 |  8.9
Fighting       | 2 3 4 6 8 10 12 | 12.3
Unarmed Combat | 1 2 4 5 7 8 |  8.5
Spellcasting   | 4 5 |  5.3
Ranged Weapons | |  1.3
Hexes          | |  2.6
Fire Magic     | |  0.8

Action                     |  1- 3 |  4- 6 |  7- 9 | 10-12 || total
---------------------------+-------+-------+-------+-------++-------
  Melee: Dagger            |       |    28 |   455 |    63 ||   546
         Punch             |       |       |    23 |    14 ||    37
         Unarmed           |       |       |       |   133 ||   133
   Fire: Sling             |   104 |   192 |       |   164 ||   460
   Cast: Jinxbite          |     2 |    25 |    18 |    54 ||    99
 Invoke: Curse Item        |       |       |       |     1 ||     1
  Evoke: Wand              |       |       |     6 |     4 ||    10
    Use: Scroll            |       |    13 |     3 |     5 ||    21
         Potion            |       |       |     2 |     4 ||     6
   Stab: Sleeping          |       |       |     1 |       ||     1
 Armour: Robe              |    76 |    92 |   218 |   180 ||   566
         Troll leather arm |       |       |       |    15 ||    15
  Dodge: Dodged            |    53 |   139 |   384 |   401 ||   977

Table legend: (Time is in decaauts)
 A = Elapsed time spent in this place.
 B = Non-inter-level travel time spent in this place.
 C = Inter-level travel time spent in this place.
 D = Time resting spent in this place.
 E = Time spent auto-exploring this place.
 F = Levels seen in this place.
 G = Mean time per level.
                   A        B        C        D        E       F      G
               +--------+--------+--------+--------+--------+-----+--------+
         Total |  11934 |  11593 |    341 |   2417 |   5644 |  12 |  994.5 |
       Dungeon |  11732 |  11391 |    341 |   2361 |   5644 |  10 | 1173.2 |
        Temple |      1 |      1 |      0 |      0 |      0 |   1 |    1.0 |
         Sewer |    200 |    200 |      0 |     56 |      0 |   1 |  200.0 |
               +--------+--------+--------+--------+--------+-----+--------+

Top non-repeatable levels by time:
     D:5: 2632 daAuts
     D:8: 1842 daAuts
     D:4: 1500 daAuts
     D:7: 1195 daAuts
     D:2: 1013 daAuts
     D:6: 811 daAuts
     D:1: 760 daAuts
     D:9: 755 daAuts
     D:3: 705 daAuts
    D:10: 516 daAuts
   Sewer: 200 daAuts
  Temple: 1 daAuts
